 Dungeon Crawl Stone Soup version 0.28.0-53-g5a82cb258f (webtiles) character file.

Game seed: 13360551339580744334

190 Tirrikindir the Ruffian (level 5, -13/52 (53) HPs)
             Began as a Troll Fighter on Aug 12, 2022.
             Was a Believer of Cheibriados.
             Mangled by an ogre
             ... wielding a +0 giant club
              (21 damage)
             ... on level 4 of the Dungeon.
             The game lasted 00:05:29 (2132 turns).

Tirrikindir the Ruffian (Troll Fighter)             Turns: 2132, Time: 00:05:30

HP:   -13/52 (53)   AC:  4    Str: 29    XL:     5   Next: 41%
MP:   4/4           EV:  9    Int:  9    God:    Cheibriados [**....]
Gold: 182           SH:  8    Dex: 16    Spells: 4/4 levels left

rFire   . . .      SeeInvis .     - Unarmed
rCold   . . .      Faith    .   b - +0 kite shield
rNeg    . . .      Spirit   .   a - +0 robe
rPois   .          Reflect  .   (helmet restricted)
rElec   .          Harm     .   (no cloak)
rCorr   .          Rampage  .   (gloves unavailable)
Will    .....                   (boots unavailable)
Stlth   +.........              (no amulet)
HPRegen 0.97/turn               (no ring)
MPRegen 0.09/turn               (no ring)

@: on berserk cooldown, slowed, lightly drained, very slow
A: large, unfitting armour, claws 3, regeneration 1, shaggy fur 1, tough skin 1
a: Renounce Religion, Bend Time


You were on level 4 of the Dungeon.
You worshipped Cheibriados.
Cheibriados was pleased with you.
You visited 1 branch of the dungeon, and saw 4 of its levels.

You collected 182 gold pieces.

Inventory:

Hand Weapons
 o - a +2 dagger of draining
Missiles
 i - 8 poisoned darts (quivered)
Armour
 a - a +0 robe (worn)
 b - a +0 kite shield (worn)
Scrolls
 d - a scroll of amnesia
 m - a scroll of noise {unknown}
Potions
 c - 3 potions of might
 e - 3 potions of curing
 g - a potion of berserk rage
 h - a potion of flight {unknown}
 j - a potion of heal wounds {unknown}
 l - a potion of mutation {unknown}


   Skills:
 + Level 3.0 Fighting
 + Level 1.1 Throwing
 + Level 3.0 Dodging
 + Level 3.0 Shields
 * Level 3.6 Unarmed Combat
 + Level 0.8 Invocations


You had 4 spell levels left.
You didn't know any spells.
Your spell library contained the following spells:

 Spells                   Type           Power      Damage    Failure   Level
 Magic Dart               Conj           0%         1d3       67%         1
 Call Imp                 Summ           0%         N/A       82%         2
 Ensorcelled Hibernation  Hex/Ice        0%         N/A       82%         2
 Passwall                 Tmut/Erth      0%         N/A       82%         2
 Mephitic Cloud           Conj/Pois/Air  0%         N/A       96%         3
 Swiftness                Air            0%         N/A       96%         3


Dungeon Overview and Level Annotations

Branches:
Dungeon (4/15)
 Temple: D:4-7

Altars:
Cheibriados
Zin

Annotations:
D:4 Natasha


Innate Abilities, Weirdness & Mutations

You are too large for most types of armour.
You have claws for hands.
Your natural rate of healing is unusually fast.
You are covered in fur. (AC +1)
You have tough skin. (AC +1)


Message History

You closely miss Natasha.
Natasha is severely wounded.
You block Natasha's attack. You block the orc's attack. Natasha claws you.
You closely miss Natasha.
Natasha is severely wounded.
The orc priest invokes the aid of Beogh against you.
Pain shoots through your body! Natasha claws you. You block the orc's attack.
The orc hits you with a +0 dagger.
The orc priest hits you but does no damage.
You scratch Natasha.
Natasha is severely wounded.
Natasha wildly gestures.
Natasha glows brightly for a moment.
Natasha claws you. You block the orc's attack. The orc closely misses you.
The orc priest hits you with a +0 hand axe.
You block Natasha's attack. The orc barely misses you.
The orc hits you but does no damage.
The orc priest hits you with a +0 hand axe.
As you read the scroll of fear, it crumbles to dust.
You assume a fearsome visage.
The orc looks frightened! x4
The orc priest looks frightened!
Natasha looks frightened!
The ogre looks frightened!
The ogre gibbers meaninglessly.
The ogre cries, "Help!"
Natasha seems to regain her courage.
The orc priest invokes the aid of Beogh against you.
Beogh smites you!
The orc priest mumbles some strange prayers to Beogh against you.
Beogh smites you!
The orc priest mumbles some strange prayers to Beogh against you.
Beogh smites you!
* * * LOW HITPOINT WARNING * * *
The orc priest invokes the aid of Beogh against you.
Pain shoots through your body!
* * * LOW HITPOINT WARNING * * *
There is a stone staircase leading up here.
You see here a +0 short sword.
Okay, then.
The ogre hits you with a +0 giant club!!
You die...

................#
................#
...............#
................#
...##......##...#
...##...!..##.o.########
...#.......##...##.....#
...#.......#....O......#
...#.......+....@......#
..†#..([...#...........#
...).......#...........#
...#.......########....#
...#....^..##...###....####
†..#......................#
...#....[..............##.###
...#........................#
...#.................8.8..#.#


You could see an ogre and an orc priest.

Vanquished Creatures
  Natasha (D:4)
  8 adders
  An ufetubus (D:4)
  3 worms
  2 dart slugs
  5 orcs
  2 bats
  5 endoplasms
  4 giant cockroaches
  3 hobgoblins
  10 jackals
  4 kobolds
  2 quokkas
  6 ball pythons
  2 frilled lizards (D:1)
  6 goblins
  8 rats
72 creatures vanquished.

Notes
Turn   | Place    | Note
-------+----------+-------------------------------------------
     0 | D:1      | Tirrikindir the Troll Fighter began the quest for the Orb.
     0 | D:1      | Reached XP level 1. HP: 22/22 MP: 0/0
    32 | D:1      | Reached XP level 2. HP: 29/29 MP: 1/1
   702 | D:2      | Reached XP level 3. HP: 33/36 MP: 2/2
  1073 | D:2      | Found a faded altar of an unknown god.
  1082 | D:2      | Prayed at the altar of an unknown god.
  1082 | D:2      | Became a worshipper of Cheibriados the Contemplative
  1082 | D:2      | Reached * piety under Cheibriados
  1133 | D:2      | Reached XP level 4. HP: 41/44 MP: 3/3
  1622 | D:3      | Identified the +8 hunting sling "Akivooli" {speed, rN+}
  2004 | D:4      | Found a glowing silver altar of Zin.
  2034 | D:4      | Noticed Natasha
  2045 | D:4      | Killed Natasha
  2045 | D:4      | Reached ** piety under Cheibriados
  2046 | D:4      | Reached skill level 1 in Throwing
  2046 | D:4      | Reached XP level 5. HP: 26/53 MP: 4/4
  2106 | D:4      | Noticed Natasha
  2117 | D:4      | Noticed an ogre
  2132 | D:4      | Mangled by an ogre

Illustrated notes

Levels and vault maps discovered:
D:1:      pf_arrival_petrified_forest, layout_basic, chequers_decorated_corner
D:2:      layout_rooms, shapermc_ecumenical_altar_mp_highgroup, feat_on_display
D:3:      layout_basic
D:4:      layout_gridville, zin_statuary, minmay_temple_entry_statues_fountains,
          minmay_joined_circles, uniq_natasha

Skill      XL: |  1  2  3  4  5 |
---------------+----------------+-----
Unarmed Combat | 3 |  3.6
Shields        | 3 |  3.0
Fighting       | 3 |  3.0
Throwing       | 1 |  1.1
Dodging        | 3 |  3.0
Invocations    | |  0.8

Action                   |  1- 3 |  4- 6 || total
-------------------------+-------+-------++-------
Melee: Unarmed           |    78 |    86 ||   164
  Use: Scroll            |     2 |     3 ||     5
       Potion            |     1 |     1 ||     2
 Stab: Sleeping          |     1 |     1 ||     2
Armor: Robe              |    13 |    26 ||    39
Dodge: Dodged            |    23 |    26 ||    49
Block: Kite shield       |    29 |    39 ||    68
